 Dungeon Crawl Stone Soup version 0.16-a0-3212-g68818ff (webtiles) character file.

129 Johnny the Bolt Thrower (level 4, 0/34 HPs)
             Began as a Mummy Hunter on Dec 19, 2014.
             Slain by Terence
             ... wielding a +1 falchion of holy wrath
              (7 damage)
             ... on level 3 of the Dungeon.
             The game lasted 00:03:00 (2610 turns).

Johnny the Bolt Thrower (Mummy Hunter)              Turns: 2610, Time: 00:03:00

Health: 0/34       AC:  5    Str: 15    XL:     4   Next: 88%
Magic:  4/4        EV: 12    Int: 10    God:
Gold:   102        SH:  0    Dex: 13    Spells: 0 memorised, 3 levels left

rFire  x . .     SeeInvis .     h - +3 dagger
rCold  + . .     Clarity  .     g - +0 leather armour (curse)
rNeg   + + +     SustAb   .     (no shield)
rPois  ∞         Gourm    .     j - +1 helmet
rElec  .         Spirit   .     (no cloak)
rCorr  .         Warding  .     (no gloves)
rMut   .         Stasis   .     (no boots)
MR     .....                    e - amulet of rage
Stlth  +.........               (no ring)
                                (no ring)

@: not resistant to hostile enchantments, very unstealthy
A: no food or potions, fire vulnerability, restore body, cold resistance 1,
negative energy resistance 3, poison resistance, torment resistance, unbreathing
a: no special abilities


You were on level 3 of the Dungeon.
You were not hungry.

You visited 1 branch of the dungeon, and saw 3 of its levels.

You collected 102 gold pieces.

Inventory:

Hand weapons
 a - a +0 short sword
 b - a +1 hand crossbow
 h - a +3 dagger (weapon)
Armour
 g - a cursed +0 leather armour (worn)
 j - a +1 helmet (worn)
Jewellery
 e - an amulet of rage (around neck)
Scrolls
 d - a scroll of noise {unknown}
 f - a scroll of remove curse {unknown}
 i - a scroll of random uselessness {unknown}


   Skills:
 + Level 2.6 Fighting
 * Level 4.2 Crossbows
 + Level 1.4 Armour
 + Level 2.3 Dodging
 - Level 0.7 Stealth


You had 3 spell levels left.
You didn't know any spells.

Dungeon Overview and Level Annotations

Branches:
Dungeon (3/15)

Altars:
Dithmenos
Elyvilon

Annotations:
D:3 Terence


Innate Abilities, Weirdness & Mutations

You do not eat or drink.
Your flesh is vulnerable to fire.
Your flesh is cold resistant.
You are immune to negative energy.
Your system is resistant to poisons.
You are immune to unholy pain and torment.
You can survive without breathing.


Message History

You convulse.
You hit Terence but do no damage.
Terence is moderately wounded.
You barely miss Terence.
Terence is moderately wounded.
Terence misses you.
You hit Terence.
Terence is heavily wounded.
Terence closely misses you.
You hit Terence but do no damage.
Terence is heavily wounded.
Terence screams, "I want your blood!"
Terence hits you with a falchion of holy wrath.
You convulse.
You barely miss Terence.
Terence is heavily wounded.
Terence hits you with a falchion of holy wrath.
* * * LOW HITPOINT WARNING * * *
You convulse!
You die...

..# ####.........
...########........
..+...............
..########......##
..# ##........# #.#
#.........# #.#
###.......### #.#
#.........# #@#
#.......!.#### #@#
#............) #.#
#............. #.#
#.............
#.#.#####...........
#.#....##........###
#.#....##........#
#.#....##........#
#......##...(....#


You could see Terence.

Vanquished Creatures
  Jessica (D:2)
  Robin (D:3)
  3 adders (D:2)
  A worm (D:2)
  2 giant geckos (D:1)
  An ooze (D:2)
  9 bats
  6 giant cockroaches
  14 goblins
  10 hobgoblins
  A giant newt (D:1)
  6 kobolds
  5 rats
60 creatures vanquished.

Notes
Turn   | Place    | Note
--------------------------------------------------------------
     0 | D:1      | Johnny, the Mummy Hunter, began the quest for the Orb.
     0 | D:1      | Reached XP level 1. HP: 16/16 MP: 1/1
    95 | D:1      | Reached XP level 2. HP: 9/22 MP: 2/2
   737 | D:1      | Reached skill level 1 in Armour
   884 | D:1      | Reached XP level 3. HP: 27/27 MP: 3/3
  1279 | D:2      | Found a white marble altar of Elyvilon.
  1558 | D:2      | Reached skill level 4 in Crossbows
  1675 | D:2      | Noticed Jessica
  1680 | D:2      | Reached XP level 4. HP: 33/33 MP: 4/4
  1682 | D:2      | Killed Jessica
  1866 | D:2      | Found a shadowy altar of Dithmenos.
  2180 | D:3      | Noticed Robin
  2233 | D:3      | Killed Robin
  2235 | D:3      | HP: 1/34 [hobgoblin/club[Robin] (3)]
  2571 | D:3      | Noticed Terence
  2610 | D:3      | Slain by Terence

Action                   |  1- 3 |  4- 6 || total
-------------------------+-------+-------++-------
Melee: Dagger            |       |    38 ||    38
 Fire: Hand crossbow     |   109 |    39 ||   148
